 Dungeon Crawl Stone Soup version 0.28.0 (webtiles) character file.

Game seed: 14788236995603326209

14 tizbic2 the Skirmisher (level 2, -3/26 HPs)
             Began as a Hill Orc Fighter on Feb 6, 2022.
             Slain by Terence (5 damage)
             ... on level 2 of the Dungeon.
             The game lasted 00:03:23 (862 turns).

tizbic2 the Skirmisher (Hill Orc Fighter)            Turns: 862, Time: 00:03:24

Health: -3/26      AC:  6    Str: 18    XL:     2   Next: 41%
Magic:  2/2        EV:  9    Int:  8    God:
Gold:   74         SH:  4    Dex: 10    Spells: 1/1 levels left

rFire   + . .      SeeInvis .   a - +0 war axe
rCold   x . .      Faith    .   c - +0 buckler
rNeg    . . .      Spirit   .   b - +0 scale mail
rPois   .          Reflect  .   (no helmet)
rElec   .          Harm     .   (no cloak)
rCorr   .          Rampage  .   (no gloves)
Will    .....                   (no boots)
Stlth   ..........              (no amulet)
HPRegen 0.08/turn               e - ring of fire
MPRegen 0.08/turn               (no ring)

@: no status effects
A: no striking features
a: no special abilities


You were on level 2 of the Dungeon.
You visited 1 branch of the dungeon, and saw 2 of its levels.

You collected 74 gold pieces.

Inventory:

Hand Weapons
 a - a +0 war axe (weapon)
Missiles
 h - 49 stones (quivered)
 i - 2 poisoned darts
Armour
 b - a +0 scale mail (worn)
 c - a +0 buckler (worn)
Jewellery
 e - a ring of fire (left hand)
Scrolls
 f - a scroll of fear {unknown}
 g - a scroll of vulnerability {unknown}
 j - a scroll of identify {unknown}
Potions
 d - 2 potions of might


   Skills:
 - Level 3.6 Fighting
 * Level 3.6 Axes
 - Level 3.2 Armour
 - Level 3.2 Shields
 + Level 1.3 Invocations


You had one spell level left.
You didn't know any spells.
Your spell library contained the following spells:

 Spells                   Type           Power      Damage    Failure   Level
 Beastly Appendage        Tmut           0%         N/A       87%         1
 Wereblood                Tmut           0%         N/A       95%         2
 Spider Form              Tmut/Pois      0%         N/A       99%         3


Dungeon Overview and Level Annotations

Branches:
Dungeon (2/15)

Altars:

Annotations:
D:2 Terence


Message History

Found a ring mail.
You now have 58 gold pieces (gained 13).
Found 16 gold pieces.
You now have 74 gold pieces (gained 16).
Terence and a frilled lizard come into view.
Terence is wielding a +0 mace of protection.
Terence shouts!
The frilled lizard hisses angrily.
You hit Terence.
Terence is moderately wounded.
Terence misses you.
You hit Terence but do no damage.
Terence is moderately wounded.
Terence hits you with a +0 mace of protection.
Terence hits you with a +0 mace of protection!
You closely miss Terence.
Terence is moderately wounded.
Terence hits you with a +0 mace of protection.
You barely miss Terence.
Terence is moderately wounded.
Terence completely misses you.
You closely miss Terence.
Terence is moderately wounded.
Terence hits you with a +0 mace of protection.
You block Terence's attack.
You hit Terence but do no damage.
Terence is moderately wounded.
Terence hits you with a +0 mace of protection.
You hit Terence but do no damage.
Terence is moderately wounded.
Terence says, "How do you enjoy it?"
Terence hits you with a +0 mace of protection. x2
* * * LOW HITPOINT WARNING * * *
Terence screams, "I'm going to kill you!"
Terence says, "Rest in peace."
You hit Terence but do no damage.
Terence is moderately wounded.
Terence hits you with a +0 mace of protection.
* * * LOW HITPOINT WARNING * * *
Terence hits you with a +0 mace of protection.
You die...

..... #.... .>.. #....
######## #... #.... ........
.. #...#### # #.[..#### ####.
...+... ..#.# #.......###.##.
...#.#.##.#.# ##+#........##.
.....#......# #..#.###.##.
........#.#######.#..#.# #.##.
#+#.....#..l@@....#..#.###.##l
#.....#.#########..#.....##.
#.....#....l....#..########.
#....†#.#######.#.l.........
#.....#.# #.#.##########
#...#.#.# #.#.# #.....#.#
#.l.# #.#...#.# #####
#....<#.#


You could see Terence and a frilled lizard.

Vanquished Creatures
  A ball python (D:1)
  3 endoplasms (D:1)
  2 giant cockroaches
  A hobgoblin (D:1)
  A kobold (D:1)
  A frilled lizard (D:1)
  2 goblins (D:1)
11 creatures vanquished.

Notes
Turn   | Place    | Note
-------+----------+-------------------------------------------
     0 | D:1      | tizbic2 the Hill Orc Fighter began the quest for the Orb.
     0 | D:1      | Reached XP level 1. HP: 19/19 MP: 1/1
   172 | D:1      | Reached skill level 1 in Invocations
   172 | D:1      | Reached XP level 2. HP: 15/26 MP: 2/2
   318 | D:1      | Found a faded altar of an unknown god.
   820 | D:2      | Noticed Terence
   862 | D:2      | Slain by Terence

Illustrated notes

Levels and vault maps discovered:
D:1:      minmay_arrival_wavy_path, layout_basic,
          chequers_ecumenical_altar_island
D:2:      layout_basic, uniq_natasha, uniq_terence

Skill      XL: |  1 |
---------------+----+-----
Axes           | 3 |  3.6
Invocations    | 1 |  1.3
Fighting       | |  3.6
Armour         | |  3.2
Shields        | |  3.2

Action                   || total
-------------------------++-------
Melee: War axe           ||    30
Throw: Stone             ||     7
Armor: Scale mail        ||     8
Dodge: Dodged            ||     8
Block: Buckler           ||     4
